 Dungeon Crawl Stone Soup version 0.26-a0-255-gd5f3108e62 (webtiles) character file.

Game seed: 16054696488230764588

210 gruber the Magician (level 5, -6/31 HPs)
             Began as an Octopode Hedge Wizard on July 9, 2020.
             Shot with an arrow by a centaur (16 damage)
             ... on level 6 of the Dungeon.
             The game lasted 00:05:55 (4144 turns).

gruber the Magician (Octopode Hedge Wizard)         Turns: 4144, Time: 00:05:56

Health: -6/31      AC:  1    Str:  9    XL:     5   Next: 88%
Magic:  5/12       EV: 13    Int: 17    God:
Gold:   160        SH:  0    Dex: 12    Spells: 2/13 levels left

rFire    . . .     SeeInvis .   r - +1 short sword (drain)
rCold    . . .     Faith    .   (no shield)
rNeg     . . .     Spirit   .   b - +0 hat
rPois    .         Reflect  .   (no amulet)
rElec    .         Harm     .   (no ring)
rCorr    .                      (no ring)
MR       .....                  (no ring)
Stlth    +++.......             (no ring)
HPRegen  0.10/turn              (no ring)
MPRegen  0.13/turn              (no ring)
                                (no ring)
                                (no ring)

@: very slightly contaminated
A: almost no armour, stealthy swim, amphibious, 8 rings, constrict 8, camouflage
1, gelatinous body 1
a: no special abilities


You were on level 6 of the Dungeon.
You were not hungry.

You visited 1 branch of the dungeon, and saw 4 of its levels.

You collected 160 gold pieces.

Inventory:

Hand Weapons
 a - a +0 dagger
 c - a +0 spear
 r - a +1 short sword of draining (weapon)
Missiles
 g - 20 poisoned darts (quivered)
Armour
 b - a +0 hat (worn)
Scrolls
 e - a scroll of identify {unknown}
 j - 5 scrolls of teleportation {unknown}
 k - a scroll of blinking {unknown}
 l - a scroll of fear {unknown}
 m - 3 scrolls of remove curse {unknown}
 q - a scroll of magic mapping {unknown}
 s - a scroll of fog {unknown}
Potions
 f - a potion of heal wounds {unknown}
 h - a potion of cancellation {unknown}
 i - a potion of degeneration {unknown}
 n - 2 potions of invisibility
 o - a potion of curing
 p - 2 potions of resistance {unknown}
Comestibles
 d - 17 rations


   Skills:
 - Level 2.0 Dodging
 - Level 2.6 Stealth
 + Level 4.9 Spellcasting
 + Level 3.2 Conjurations
 + Level 1.6 Summonings
 + Level 1.0 Translocations


You had 2 spell levels left.
You knew the following spells:

 Your Spells              Type           Power        Failure   Level
a - Magic Dart            Conj           ###.         3%          1
b - Blink                 Tloc           N/A          14%         2
c - Call Imp              Summ           #.......     11%         2
d - Conjure Flame         Conj/Fire      #.......     22%         3
e - Mephitic Cloud        Conj/Pois/Air  #.......     28%         3

Your spell library contained the following spells:

 Spells                   Type           Power        Failure   Level
 Slow                     Hex            #.......     22%         2


Dungeon Overview and Level Annotations

Branches:
Dungeon (3/15)

Altars:
Elyvilon
Okawaru
Qazlal
Uskayaw
Xom
Zin


Innate Abilities, Weirdness & Mutations

You cannot wear most types of armour.
You are very stealthy in the water. (Stealth+)
You are amphibious.
You can wear up to eight rings at the same time.
You can use your tentacles to constrict eight enemies at once.
Your skin changes colour to match your surroundings (Stealth+).
Your rubbery body absorbs attacks. (AC +1, EV +1)


Message History

Your iron imp hits the sky beast.
Your crimson imp hits the sky beast.
Something barely misses your iron imp. The sky beast hits your crimson imp.
The sky beast shocks your crimson imp.
Your shadow imp barely misses the sky beast.
Your crimson imp blinks!
Found a scroll labeled RASUSYILIOS.
A gnoll comes into view. It is wielding a +0 flail.
Your shadow imp hits the sky beast.
Your shadow imp gestures at the sky beast.
The sky beast writhes in agony.
The sky beast flickers out of sight!
A centaur comes into view.
You miss something.
The orc warrior shouts!
Your squeeze misses something.
The centaur shouts!
The centaur wields a +0 shortbow.
The centaur shoots an arrow.
The arrow hits you!
Ouch! That really hurt!
You die...

......?........##
$#..........)..#
#..........#..#
#?#..........####
............###
....#....5{...# .
###55#.###..#
##{### ..# #@#
.... ........#
.#... #..##..##
.#.#.. #.. ##.
... .... .....
.c...o


You could see an orc warrior, a centaur, a friendly crimson imp (summoned) and a
friendly shadow imp (summoned).

Vanquished Creatures
  A worker ant (D:2)
  3 adders
  A white imp (D:2)
  An ooze (D:6)
  A worm (D:2)
  2 dart slugs (D:2)
  4 leopard geckos
  An orc (D:3)
  A ball python (D:1)
  4 giant cockroaches
  5 goblins
  5 hobgoblins
  5 jackals
  9 bats
  3 frilled lizards
  8 kobolds
  11 rats
65 creatures vanquished.

Vanquished Creatures (collateral kills)
  Natasha (thrice) (D:2)
  3 adders
  A gnoll (D:6)
  A bat (D:2)
  A giant cockroach (D:6)
  A hobgoblin (D:2)
  A jackal (D:3)
11 creatures vanquished.

Grand Total: 76 creatures vanquished

Notes
Turn   | Place    | Note
-------+----------+-------------------------------------------
     0 | D:1      | gruber the Octopode Hedge Wizard began the quest for the
                  | Orb.
     0 | D:1      | Reached XP level 1. HP: 11/11 MP: 4/4
   106 | D:1      | Reached XP level 2. HP: 4/17 MP: 0/6
   760 | D:1      | Reached XP level 3. HP: 21/21 MP: 7/7
  1128 | D:1      | Learned a level 2 spell: Blink
  1131 | D:1      | Learned a level 2 spell: Call Imp
  1135 | D:1      | Learned a level 3 spell: Conjure Flame
  1485 | D:2      | Found a hide-covered altar of Uskayaw.
  1568 | D:2      | Reached XP level 4. HP: 12/27 MP: 6/9
  1730 | D:2      | Found a glowing silver altar of Zin.
  1751 | D:2      | Noticed Natasha
  1794 | D:2      | Killed Natasha
  1794 | D:2      | Reached skill level 4 in Spellcasting
  2061 | D:2      | Found a shimmering altar of Xom.
  2065 | D:2      | Found a stormy altar of Qazlal.
  2117 | D:2      | Reached XP level 5. HP: 4/31 MP: 5/11
  2728 | D:2      | Noticed Natasha
  2752 | D:2      | Killed Natasha
  3317 | D:2      | Noticed Natasha
  3330 | D:2      | Killed Natasha
  4031 | D:3      | Found an iron altar of Okawaru.
  4060 | D:3      | Found a white marble altar of Elyvilon.
  4068 | D:3      | You fall into a shaft and drop 3 floors!
  4126 | D:6      | Learned a level 3 spell: Mephitic Cloud
  4130 | D:6      | Noticed a sky beast
  4131 | D:6      | Noticed an orc warrior
  4143 | D:6      | Noticed a centaur
  4144 | D:6      | Shot with an arrow by a centaur

Illustrated notes

Levels and vault maps discovered:
D:1:      dpeg_arrival_rhombus, layout_loops_ring, minmay_hexomino_c4
D:2:      layout_loops_ring, overflow_temple_1_default, lemuel_round_altar,
          grunt_temple_overflow_open, first_ration, uniq_natasha
D:3:      layout_basic, lemuel_doored_altar, elyvilon_altar_5,
          minmay_misc_feat_tiny, kennysheep_minor_cross
D:6:      layout_cave_pools, lemuel_crystal_altar,
          lemuel_zombie_altar_kikubaaqudgha, serial_gnoll_camp,
          gnoll_camp_mini_hut, gnoll_camp_huts_basic, gnoll_camp_medium_01,
          gnoll_camp_mini_sergeant, gnoll_camp_mini_loothouse,
          gnoll_camp_mini_hut

Skill      XL: |  1  2  3  4 |
---------------+-------------+-----
Conjurations   | 2 3 |  3.2
Spellcasting   | 4 |  4.9
Dodging        | |  2.0
Stealth        | |  2.6
Summonings     | |  1.6
Translocations | |  1.0

Action                   |  1- 3 |  4- 6 || total
-------------------------+-------+-------++-------
Melee: Spear             |    87 |    55 ||   142
       Constrict         |    20 |    12 ||    32
       Tentacles         |     9 |     9 ||    18
       Short sword       |       |    10 ||    10
Throw: Dart              |       |     2 ||     2
 Cast: Magic Dart        |    10 |    20 ||    30
       Call Imp          |       |    22 ||    22
       Blink             |       |     2 ||     2
  Use: Potion            |       |     2 ||     2
 Stab: Sleeping          |    11 |     9 ||    20
  Eat: Ration            |     1 |     2 ||     3
Armor: Skin              |     5 |     4 ||     9
Dodge: Dodged            |    59 |    44 ||   103

Table legend:
 A = Non-vault XP
 B = Vault XP
 C = Vault XP percentage of total XP
 D = Non-vault monster count
 E = Vault monster count
 F = Vault count percentage of total count
                 A         B        C        D         E       F
            +---------+---------+-------+---------+---------+-------
      Total |     262 |      39 |  13.0 |      68 |       8 |  10.5
            +---------+---------+-------+---------+---------+-------
        D:1 |      42 |      10 |  19.2 |      24 |       6 |  20.0
        D:2 |     173 |      22 |  11.3 |      31 |       1 |   3.1
        D:3 |      39 |       0 |   0.0 |      11 |       0 |   0.0
        D:6 |       8 |       7 |  46.7 |       2 |       1 |  33.3
            +---------+---------+-------+---------+---------+-------
